 Dungeon Crawl Stone Soup version 0.22-a0-825-ga28c36f (webtiles) character file.

31747 Amnesiac the Geomancer (level 13, -1/79 HPs)
             Began as a Mummy Earth Elementalist on July 24, 2018.
             Was a High Priest of Vehumet.
             Slain by a hornet (8 damage)
             ... on level 15 of the Dungeon.
             The game lasted 00:27:26 (13624 turns).

Amnesiac the Geomancer (Mummy Earth Elementalist)  Turns: 13624, Time: 00:27:27

Health: -1/79      AC: 14    Str: 11    XL:     13   Next: 27%
Magic:  6/31       EV: 10    Int: 20    God:    Vehumet [*****.]
Gold:   923        SH:  7    Dex: 12    Spells: 15/41 levels left

rFire    x . .     SeeInvis +   a - staff of earth
rCold    + . .     Gourm    .   I - +2 buckler
rNeg     + + +     Faith    +   c - +5 ring mail of Articulation {Slay+5}
rPois    ∞         Spirit   .   k - +0 helmet
rElec    .         Reflect  .   p - +0 cloak
rCorr    .         Harm     .   q - +0 pair of gloves
MR       ++...                  f - +0 pair of boots
Stlth    +.........             s - amulet of faith
HPRegen  0.23/turn              m - ring of see invisible
MPRegen  0.22/turn              g - ring of protection from magic

@: no status effects
A: no food or potions, fire vulnerability, cold resistance 1, negative energy
resistance 3, torment resistance, unbreathing, in touch with death 1
a: Renounce Religion


You were on level 15 of the Dungeon.
You worshipped Vehumet.
Vehumet was extremely pleased with you.
You were not hungry.

You visited 2 branches of the dungeon, and saw 16 of its levels.

You collected 923 gold pieces.

Inventory:

Hand Weapons
 A - the +4 mace "Ysoutiyr" {crush, rElec}
   (You found it on level 12 of the Dungeon)

   It inflicts extra damage upon your enemies.
   It insulates you from electricity.
Missiles
 d - 121 sling bullets
 r - 386 stones (quivered)
Armour
 c - the +5 ring mail of Articulation (worn) {Slay+5}
   (You found it on level 12 of the Dungeon)

   It affects your accuracy and damage with ranged weapons and melee attacks
   (+5).
 f - a +0 pair of boots (worn)
 k - a +0 helmet (worn)
 p - a +0 cloak (worn)
 q - a +0 pair of gloves (worn)
 I - a +2 buckler (worn)
 K - +0 steam dragon scales
Magical Staves
 a - an uncursed staff of earth (weapon)
Jewellery
 g - a ring of protection from magic (right hand)
 m - a ring of see invisible (left hand)
 s - an amulet of faith (around neck)
 v - a cursed ring of attention {unknown}
 w - an uncursed ring of resist corrosion
 y - a cursed amulet of inaccuracy {unknown}
 F - the ring "Hoyproag" {rF+ rN+++ Int-2 Stlth-}
   (You found it on level 12 of the Dungeon)

   [ring of attention]

   It affects your intelligence (-2).
   It protects you from fire.
   It renders you almost immune to negative energy.
   It makes you less stealthy.
Wands
 h - a wand of disintegration (14)
 o - a wand of enslavement (32)
 t - a wand of random effects (40)
 u - a wand of digging (22)
 D - a wand of iceblast (8)
 H - a wand of paralysis (17)
 J - a wand of flame (25)
Scrolls
 b - a scroll of noise {!r, unknown}
 e - 4 scrolls of enchant armour {!r}
 i - 6 scrolls of remove curse {!r}
 l - 5 scrolls of fog {!r}
 n - a scroll of blinking {!r}
 x - a scroll of magic mapping {!r}
 z - a scroll of holy word {!r}
 B - a scroll of acquirement {!r}
 C - a scroll of fear {!r}
 E - a scroll of amnesia {!r}


   Skills:
 - Level 1.5 Dodging
 - Level 1.5 Stealth
 - Level 4.0 Shields
 + Level 14.6 Spellcasting
 - Level 0.7 Transmutations
 * Level 14.6 Earth Magic
 - Level 4.0 Evocations


You had 15 spell levels left.
You knew the following spells:

 Your Spells              Type           Power        Failure   Level  Hunger
a - Sandblast             Erth           ######       1%          1    N/A
b - Passwall              Tmut/Erth      ######..     1%          2    N/A
c - Stone Arrow           Conj/Erth      ######       1%          3    N/A
d - Lee's Rapid Deconstr  Erth           #######...   1%          5    N/A
e - Petrify               Tmut/Erth      ######..     4%          4    N/A
f - Leda's Liquefaction   Hex/Erth       ######....   5%          4    N/A
g - Irradiate             Conj/Tmut      ###.......   50%         5    N/A
v - Blink                 Tloc           N/A          16%         2    N/A

Your spell library contained the following spells:

 Spells                   Type           Power        Failure   Level  Hunger
 Magic Dart               Conj           ##..         3%          1    N/A
 Conjure Flame            Conj/Fire      ##......     9%          3    N/A
 Slow                     Hex            ##......     16%         2    N/A
 Confuse                  Hex            ##......     32%         3    N/A
 Invisibility             Hex            ##......     100%        6    N/A
 Mephitic Cloud           Conj/Pois/Air  ##......     9%          3    N/A
 Summon Small Mammal      Summ           ##..         11%         1    N/A
 Animate Dead             Necr           N/A          71%         4    N/A
 Pain                     Necr           ###.         11%         1    N/A
 Animate Skeleton         Necr           N/A          11%         1    N/A
 Vampiric Draining        Necr           ###.......   32%         3    N/A
 Summon Ice Beast         Ice/Summ       ##......     71%         4    N/A
 Call Imp                 Summ           ##......     16%         2    N/A
 Regeneration             Chrm/Necr      ###.......   32%         3    N/A
 Tukima's Dance           Hex            ##......     32%         3    N/A
 Agony                    Necr           ###.....     96%         5    N/A
 Spider Form              Tmut/Pois      ###.......   26%         3    N/A
 Blade Hands              Tmut           ###.......   91%         5    N/A
 Statue Form              Tmut/Erth      ######...    56%         6    N/A
 Ice Form                 Ice/Tmut       ###.....     65%         4    N/A
 Dragon Form              Tmut           ###.......   100%        7    N/A
 Confusing Touch          Hex            ##....       11%         1    N/A
 Sticks to Snakes         Tmut           ###.....     12%         2    N/A
 Call Canine Familiar     Summ           ##......     32%         3    N/A
 Ensorcelled Hibernation  Hex/Ice        ##....       16%         2    N/A
 Corona                   Hex            ##.....      11%         1    N/A
 Beastly Appendage        Tmut           ###...       8%          1    N/A
 Dazzling Spray           Conj/Hex       ##....       9%          3    N/A
 Summon Lightning Spire   Summ/Air       ##......     71%         4    N/A
 Summon Guardian Golem    Hex/Summ       ##......     32%         3    N/A
 Hydra Form               Tmut           ###.......   100%        6    N/A

Dungeon Overview and Level Annotations

Branches:
Dungeon (15/15)            Temple (1/1) D:4            Lair (0/6) D:10
    Orc (0/2) D:10         Vaults (0/5) D:13
 Depths: D:15

Altars:
Ashenzari
Cheibriados
Dithmenos
Elyvilon
Fedhas
Gozag
Hepliaklqana
Kikubaaqudgha
Makhleb
Nemelex Xobeh
Okawaru
Qazlal
Ru
Sif Muna
Trog
Uskayaw
Vehumet
Wu Jian
Xom
Yredelemnul
Zin
The Shining One
Lugonu

Shops:
D:11 *

Portals:
Trove: D:13 (give +4 storm dragon scales)


Innate Abilities, Weirdness & Mutations

You do not eat or drink.
Your flesh is vulnerable to fire.
You are immune to poison.
Your flesh is cold resistant. (rC+)
You are immune to negative energy. (rN+++)
You are immune to unholy pain and torment.
You can survive without breathing.
You are in touch with the powers of death.


Message History

The iceblast engulfs the ogre mage.
The ogre mage is severely wounded.
The iceblast engulfs you!
You hear a howl!
The centaur warrior hits you but does no damage.
The ogre mage hits you but does no damage.
The centaur warrior skeleton hits you but does no damage.
Unknown command.
Evoke which item? (* to show all) (? for menu, Esc to quit)
Aiming: Iceblast
Press: ? - help, Shift-Dir - straight line, f/p - centaur warrior
Aim: a centaur warrior (severely wounded)
The mass of ice explodes!
The centaur warrior hits you but does no damage.
The ogre mage hits you from afar with a halberd.
The centaur warrior skeleton completely misses you.
The centaur warrior hits you but does no damage.
Unknown command.
Evoke which item? (* to show all) (? for menu, Esc to quit)
Aiming: Iceblast
Press: ? - help, Shift-Dir - straight line, f - ogre mage, p - centaur warrior
Aim: an ogre mage, wielding a halberd and wearing a robe (severely wounded, fast) That beam is likely to hit you.
Continue anyway?
The mass of ice explodes!
The iceblast engulfs the centaur warrior.
You kill the centaur warrior!
Vehumet accepts your kill.
You feel your power returning.
The iceblast engulfs the tengu warrior.
The tengu warrior is moderately wounded.
The iceblast engulfs the ogre mage.
You kill the ogre mage!
Vehumet accepts your kill. The iceblast engulfs you! You partially resist.
* * * LOW HITPOINT WARNING * * *
You hear the faint crackling of a distant melting archway.
The centaur warrior skeleton hits you but does no damage.
The centaur warrior skeleton hits you.
* * * LOW HITPOINT WARNING * * *
Unknown command.
Unknown command.
The centaur warrior skeleton barely misses you.
The centaur warrior skeleton hits you but does no damage.
A tengu conjurer comes into view.
The centaur warrior skeleton hits you but does no damage.
A hornet comes into view.
Things that are here:
a long sword; a runed chain mail; an orc corpse The hornet buzzes angrily.
The two-headed ogre hits you with a giant spiked club!
* * * LOW HITPOINT WARNING * * *
You block the two-headed ogre's attack.
The tengu conjurer gestures wildly while chanting.
The tengu conjurer conjures a globe of magical energy!
A battlesphere comes into view.
There is an open door here.
Okay, then.
The centaur warrior skeleton is no longer covered in acid.
The centaur warrior skeleton barely misses you.
Things that are here:
a shortbow; 20 arrows; a centaur corpse Unknown command.
You block the hornet's attack. The hornet stings you!
You die...

................
...............
'####....†......
....'.†.O..####
...#..C#'##..#
#...#OQ...#
#Q..#)C...#
#.yZ#.....#
#.@.#.Q*..#.....
#...#.5)..#.....
#...###o###.....
####...†).))5C5....
................^O.
...................
.........[.........
...........<...#+#
###########....#


You could see an ettin, a tengu warrior, a two-headed ogre, a hornet and a
centaur warrior skeleton.

Vanquished Creatures
  An ogre mage (D:15)
  2 centaur warriors
  6 two-headed ogres
  2 tengu warriors (D:15)
  A death drake (shapeshifter) (D:15)
  An unseen horror (D:12)
  An orc knight (D:15)
  A wolf spider zombie (D:14)
  A necromancer (D:13)
  Pikel (D:9)
  A deep elf mage (D:13)
  6 ugly things
  4 manticores
  A cyclops (D:12)
  A centaur zombie (D:10)
  A gargoyle (D:10)
  3 kobold demonologists (D:14)
  3 tengu conjurers (D:15)
  2 trolls
  Grinder (D:4)
  11 slime creatures
  A spriggan (D:7)
  A tarantella (shapeshifter) (D:14)
  2 wraiths
  A shadow (D:9)
  A vampire (D:12)
  18 yaks
  2 basilisks (D:10)
  2 hungry ghosts
  A steam dragon (D:14)
  Menkaure (D:6)
  An acid dragon (D:13)
  4 porcupines (D:10)
  A water moccasin (D:12)
  4 slaves (D:9)
  An ice beast (D:6)
  A phantom (D:10)
  6 sky beasts
  6 orc warriors
  A black bear (D:12)
  An eye of draining (D:14)
  A necrophage (D:8)
  6 ogres
  15 centaurs
  4 crocodiles
  4 big kobolds
  6 bullfrogs
  A wyvern zombie (D:10)
  4 scorpions
  13 wights
  3 howler monkeys (D:12)
  8 crimson imps
  5 bullfrog zombies
  5 bullfrog skeletons
  5 jellies
  4 orc priests
  Crazy Yiuf (D:3)
  5 hounds
  A quasit (D:9)
  3 centaur skeletons
  Jessica (D:2)
  Ijyb (D:3)
  Terence (D:2)
  4 iguanas
  6 orc wizards
  17 worker ants
  A hound skeleton (D:7)
  2 mummies (D:8)
  A worker ant zombie (D:11)
  Robin (D:3)
  4 gnolls (D:4)
  20 adders
  3 shadow imps
  An ooze (D:4)
  3 adder skeletons
  4 worms
  5 dart slugs
  8 leopard geckos
  30 orcs
  3 giant cockroaches
  15 goblins
  11 hobgoblins
  16 jackals
  6 quokkas
  3 ball pythons
  5 bats
  15 frilled lizards
  22 kobolds
  2 leopard gecko skeletons
  14 rats
426 creatures vanquished.

Vanquished Creatures (others)
  A fungus (D:10)
  3 plants (D:10)
4 creatures vanquished.

Grand Total: 430 creatures vanquished

Notes
Turn   | Place    | Note
-------+----------+-------------------------------------------
     0 | D:1      | Amnesiac the Mummy Earth Elementalist began the quest for the Orb.
     0 | D:1      | Reached XP level 1. HP: 13/13 MP: 4/4
   161 | D:1      | Reached XP level 2. HP: 13/19 MP: 5/5
   251 | D:1      | Learned a level 2 spell: Passwall
   556 | D:2      | Reached XP level 3. HP: 8/24 MP: 1/7
   759 | D:3      | Learned a level 3 spell: Stone Arrow
   993 | D:3      | Noticed Robin
  1226 | D:4      | Noticed Grinder
  1253 | D:4      | Killed Grinder
  1253 | D:4      | Reached XP level 4. HP: 23/30 MP: 0/10
  1253 | D:4      | Reached XP level 5. HP: 27/35 MP: 0/12
  1271 | D:4      | Learned a level 5 spell: Lee's Rapid Deconstruction
  1346 | D:4      | Reached XP level 6. HP: 38/41 MP: 4/13
  1481 | D:4      | Reached skill level 5 in Spellcasting
  1481 | D:4      | Reached skill level 5 in Earth Magic
  1520 | D:4      | Learned a level 4 spell: Petrify
  1691 | D:5      | Entered Level 5 of the Dungeon
  2205 | D:4      | Reached XP level 7. HP: 12/46 MP: 5/15
  2421 | D:4      | Found a staircase to the Ecumenical Temple.
  2430 | Temple   | Entered the Ecumenical Temple
  2467 | Temple   | Became a worshipper of Vehumet
  2769 | D:3      | Killed Robin
  3092 | D:1      | Reached * piety under Vehumet
  3092 | D:1      | Offered knowledge of Freeze by Vehumet.
  3256 | D:2      | Noticed Terence
  3278 | D:2      | Killed Terence
  3286 | D:2      | Noticed Jessica
  3290 | D:2      | Killed Jessica
  3842 | D:2      | Found a faded altar of an unknown god.
  3973 | D:3      | Found a blossoming altar of Fedhas.
  4145 | D:3      | Noticed Ijyb
  4158 | D:3      | Killed Ijyb
  4460 | D:3      | Found a runed door.
  4638 | D:3      | Noticed Crazy Yiuf
  4642 | D:3      | Killed Crazy Yiuf
  4961 | D:5      | Reached ** piety under Vehumet
  4988 | D:5      | Offered knowledge of Searing Ray by Vehumet.
  5187 | D:6      | Found a white marble altar of Elyvilon.
  5261 | D:6      | Found a basalt altar of Yredelemnul.
  5314 | D:6      | Reached XP level 8. HP: 49/52 MP: 18/18
  5318 | D:6      | Learned a level 2 spell: Blink
  5330 | D:6      | Noticed Menkaure
  5336 | D:6      | Killed Menkaure
  5578 | D:6      | Found a bloodstained altar of Trog.
  5578 | D:6      | Found a shimmering altar of Xom.
  5976 | D:7      | Offered knowledge of Throw Flame by Vehumet.
  6087 | D:7      | Found a burning altar of Makhleb.
  6097 | D:7      | Found a glowing silver altar of Zin.
  6097 | D:7      | Noticed an angel
  6097 | D:7      | Noticed a balrug
  6183 | D:7      | Reached *** piety under Vehumet
  6263 | D:7      | Reached XP level 9. HP: 47/57 MP: 3/21
  6688 | D:7      | Offered knowledge of Static Discharge by Vehumet.
  6977 | D:8      | Found a hide-covered altar of Uskayaw.
  6979 | D:8      | Found an iron altar of Okawaru.
  6980 | D:8      | Found a sparkling altar of Nemelex Xobeh.
  6984 | D:8      | Found a glowing golden altar of the Shining One.
  6984 | D:8      | Found a shattered altar of Ashenzari.
  7176 | D:8      | Reached **** piety under Vehumet
  7407 | D:8      | Identified a scroll of acquirement {!r}
  7478 | D:8      | Reached skill level 10 in Earth Magic
  7479 | D:8      | Offered knowledge of Venom Bolt by Vehumet.
  7481 | D:8      | Reached skill level 10 in Spellcasting
  7692 | D:9      | Reached XP level 10. HP: 63/63 MP: 7/24
  7764 | D:9      | Found a hazy altar of Hepliaklqana.
  7993 | D:9      | Noticed Pikel
  7998 | D:9      | Killed Pikel
  8013 | D:9      | Reached ***** piety under Vehumet
  8045 | D:9      | Offered knowledge of Conjure Ball Lightning by Vehumet.
  8097 | D:9      | Noticed a two-headed ogre
  8100 | D:9      | Killed a two-headed ogre
  8319 | D:9      | Found a sacrificial altar of Ru.
  8512 | D:10     | Entered Level 10 of the Dungeon
  8859 | D:10     | Found a staircase to the Orcish Mines.
  8893 | D:10     | Reached XP level 11. HP: 61/68 MP: 14/26
  8986 | D:10     | Found a staircase to the Lair.
  9177 | D:10     | Noticed a two-headed ogre
  9184 | D:10     | Killed a two-headed ogre
  9351 | D:11     | Noticed a two-headed ogre
  9355 | D:11     | Killed a two-headed ogre
  9411 | D:11     | Found Puhigun's Assorted Antiques.
  9923 | D:11     | Noticed a purple ugly thing
  9926 | D:11     | Killed a purple ugly thing
  9926 | D:11     | Offered knowledge of Freezing Cloud by Vehumet.
 10287 | D:12     | Reached skill level 1 in Evocations
 10313 | D:12     | Got a warped ring mail
 10473 | D:12     | Noticed a centaur warrior
 10686 | D:12     | Killed a centaur warrior
 10686 | D:12     | Reached XP level 12. HP: 60/74 MP: 12/29
 10799 | D:12     | Got a polished mace
 10858 | D:12     | Identified Sif Muna's Disquisition on Necromancy and Enchantment
 10865 | D:12     | Learned a level 4 spell: Leda's Liquefaction
 11204 | D:12     | Got a glittering golden ring
 11308 | D:12     | Got a dazzling mace {crush}
 11309 | D:12     | Identified the +4 mace "Ysoutiyr" {crush, rElec} (You found it on level 12 of the Dungeon)
 11310 | D:12     | Identified the +9 mace "Huffaofo" {crush, rC++} (You took it off a vampire on level 12 of the Dungeon)
 11642 | D:12     | Identified the ring "Hoyproag" {rF+ rN+++ Int-2 Stlth-} (You found it on level 12 of the Dungeon)
 11729 | D:13     | Found a portal to a secret trove of treasure.
 12041 | D:13     | Noticed a two-headed ogre
 12043 | D:13     | Killed a two-headed ogre
 12043 | D:13     | Noticed a two-headed ogre
 12045 | D:13     | Killed a two-headed ogre
 12049 | D:13     | Found a gate to the Vaults.
 12237 | D:13     | Offered knowledge of Spellforged Servitor by Vehumet.
 12316 | D:13     | Learned a level 5 spell: Irradiate
 12545 | D:14     | Reached skill level 1 in Shields
 13248 | D:14     | Identified the +5 ring mail of Articulation {Slay+5} (You found it on level 12 of the Dungeon)
 13333 | D:14     | Gained mutation: You are in touch with the powers of death. [Mummy growth]
 13333 | D:14     | Reached XP level 13. HP: 79/79 MP: 22/31
 13564 | D:15     | Entered Level 15 of the Dungeon
 13599 | D:15     | Noticed an ettin
 13624 | D:15     | Slain by a hornet

Vault maps used:
D:1:      sevenhm_arrival_forest_fort_large_1
D:2:      chequers_ecumenical_altar_grove, minmay_misc_feat_nine_boxes,
          uniq_jessica, uniq_terence
D:3:      old_standard_altar, minmay_lizard_king, uniq_robin,
          uniq_crazy_yiuf_cottage, uniq_ijyb
D:4:      minmay_temple_entry_nine_rooms, uniq_grinder
D:5:      first_ration
D:6:      kennysheep_ying_yang, lemuel_crystal_altar, basic_altar, uniq_menkaure
D:7:      grunt_temple_overflow_order_and_chaos_2, the_bakery,
          hangedman_decor_slide_cut, kennysheep_diamond
D:8:      grunt_temple_overflow_open, serial_undead, serial_undead_e,
          serial_undead_d, serial_undead_c, serial_undead_a
D:9:      lemuel_doored_altar, lemuel_round_altar, uniq_pikel
D:10:     minmay_lair_entry_grove, orc_0_dummy
D:11:     serial_shops, shop
D:12:     centaur_isle
D:13:     david_vaults_1, enter_trove_3
D:14:     minmay_holes, grunt_ministairs_4
D:15:     hangedman_depths_entry_civil_slaughter,
          portal_ice_cave_entry_pillars_1, gammafunk_ghost_cemetery
Temple:   corrupted_temple

Skill      XL: |  1  2  3  4  5  6  7  8  9 10 11 12 |
---------------+-------------------------------------+-----
Earth Magic    | 3 4 5 6 8 10 11 13 14 | 14.6
Spellcasting   | 3 4 5 6 8 10 11 13 14 | 14.6
Evocations     | 1 4 |  4.0
Shields        | 4 |  4.0
Dodging        | |  1.5
Stealth        | |  1.5
Transmutations | |  0.7

Action                   |  1- 3 |  4- 6 |  7- 9 | 10-12 | 13-15 || total
-------------------------+-------+-------+-------+-------+-------++-------
Melee: Unarmed           |    35 |       |       |       |       ||    35
       Mace              |    40 |    30 |    63 |       |       ||   133
       Spear             |     4 |       |       |       |       ||     4
       Dagger            |       |       |   236 |       |       ||   236
       Short sword       |       |       |    44 |       |       ||    44
       Staff             |       |       |     3 |   129 |     4 ||   136
 Cast: Sandblast         |    44 |    50 |   102 |    65 |       ||   261
       Lee's Rapid Decon |       |       |    33 |   167 |    13 ||   213
       Passwall          |       |       |     1 |       |       ||     1
       Petrify           |       |       |     2 |     9 |       ||    11
       Blink             |       |       |       |     5 |       ||     5
Evoke: Wand              |       |       |       |    12 |    12 ||    24
  Use: Scroll            |     4 |     1 |     8 |     3 |       ||    16
 Stab: Sleeping          |       |       |     6 |       |       ||     6
Armor: Robe              |    14 |     8 |   104 |    58 |       ||   184
       Ring mail         |       |       |       |       |    13 ||    13
Dodge: Dodged            |    98 |    64 |   272 |   127 |     7 ||   568
Block: Buckler           |       |       |       |     6 |    10 ||    16

Table legend:
 A = Spawn XP
 B = Non-spawn XP
 C = Spawn XP percentage of total XP
 D = Spawn monster count
 E = Non-spawn monster count
 F = Spawn count percentage of total count
 G = Total turns spent on level
                    A         B        C        D         E        F      G
               +---------+---------+-------+---------+---------+-------+---------
         Total |       0 |   45353 |   0.0 |       0 |     422 |   0.0 | 13624
               +---------+---------+-------+---------+---------+-------+---------
           D:1 |       0 |      53 |   0.0 |       0 |      29 |   0.0 |   875
           D:2 |       0 |     125 |   0.0 |       0 |      18 |   0.0 |   930
           D:3 |       0 |     190 |   0.0 |       0 |      43 |   0.0 |  1139
           D:4 |       0 |     726 |   0.0 |       0 |      30 |   0.0 |  1580
           D:5 |       0 |     259 |   0.0 |       0 |      14 |   0.0 |   546
           D:6 |       0 |    1316 |   0.0 |       0 |      25 |   0.0 |   830
           D:7 |       0 |    1037 |   0.0 |       0 |      30 |   0.0 |   994
           D:8 |       0 |    1518 |   0.0 |       0 |      22 |   0.0 |   665
           D:9 |       0 |    3035 |   0.0 |       0 |      34 |   0.0 |   899
          D:10 |       0 |    6088 |   0.0 |       0 |      34 |   0.0 |   838
          D:11 |       0 |    4137 |   0.0 |       0 |      34 |   0.0 |   926
          D:12 |       0 |    6353 |   0.0 |       0 |      34 |   0.0 |  1435
          D:13 |       0 |    5096 |   0.0 |       0 |      18 |   0.0 |   937
          D:14 |       0 |    8287 |   0.0 |       0 |      42 |   0.0 |   916
          D:15 |       0 |    7133 |   0.0 |       0 |      15 |   0.0 |    60
               +---------+---------+-------+---------+---------+-------+---------
